[Event "Titled Tuesday Blitz July 4 Late 2023"]
[White "Tsukerman, Julia"]
[Black "Alexikov, Alexander"]
[WhiteFideId "2621649"]
[BlackFideId "14103958"]
[WhiteElo "2091"]
[BlackElo "2261"]
[Result "1-0"]
[Round "9"]
[TimeControl "180+2"]
[Date "2023.07.04"]
[WhiteClock "0:00:03"]
[BlackClock "0:00:00"]
[Board "117"]

1. e4 c5 2. Nf3 d6 3. d4 Nf6 4. dxc5 Nxe4 5. cxd6 Nc6 6. Be3 Nxd6 7. Nc3 Nf5 8. Bf4 f6 9. Bb5 e5 10. Bxc6+ bxc6 11. Qxd8+ Kxd8 12. Bd2 Kc7 13. O-O-O Be6 14. a3 Bc5 15. Ne4 Bb6 16. Rhf1 Rhd8 17. Ng3 Nd6 18. b3 a5 19. Be3 c5 20. Rd2 a4 21. Kb2 Nb5 22. Rxd8 Rxd8 23. b4 c4 24. Bxb6+ Kxb6 25. Ne4 Bd5 26. Re1 Bxe4 27. Rxe4 c3+ 28. Ka2 Rd2 29. Kb1 Rxf2 30. Ne1 Nxa3+ 31. Ka2 Nb5 32. Re3 Kc6 33. Kb1 Kd5 34. Rd3+ Kc4 35. Nf3 Kxb4 36. Rd5 1-0


[Site "https://www.chess.com"]

[Event "Titled Tuesday Blitz July 4 Late 2023"]
[White "Sokolov, Andrei"]
[Black "Vargas, Mauricio"]
[WhiteFideId "11600306"]
[BlackFideId "4404572"]
[WhiteElo "2260"]
[BlackElo "1892"]
[Result "1-0"]
[Round "9"]
[TimeControl "180+2"]
[Date "2023.07.04"]
[WhiteClock "0:00:15"]
[BlackClock "0:00:00"]
[Board "118"]

1. d4 d5 2. c4 c6 3. Nc3 e6 4. e4 dxe4 5. Nxe4 h6 6. Nf3 Nf6 7. Nxf6+ Qxf6 8. Bd2 Bd6 9. Bc3 Qe7 10. Bd3 Nd7 11. O-O O-O 12. Re1 Qd8 13. Ne5 Nf6 14. Bc2 c5 15. dxc5 Bxc5 16. Qxd8 Rxd8 17. Rad1 Bd7 18. Nxd7 Rxd7 19. Rxd7 Nxd7 20. Rd1 Nf6 21. b4 Bb6 22. c5 Bc7 23. Bxf6 gxf6 24. Rd7 Rc8 25. g3 b6 26. Be4 Be5 27. c6 1-0


[Site "https://www.chess.com"]

[Event "Titled Tuesday Blitz July 4 Late 2023"]
[White "Upper, John"]
[Black "Guimaraes, Wagner Peixoto"]
[WhiteFideId "2606437"]
[BlackFideId "2100940"]
[WhiteElo "1941"]
[BlackElo "2256"]
[Result "1-0"]
[Round "9"]
[TimeControl "180+2"]
[Date "2023.07.04"]
[WhiteClock "0:00:16"]
[BlackClock "0:00:00"]
[Board "119"]

1. d4 Nf6 2. Nf3 g6 3. c4 Bg7 4. Nc3 d5 5. cxd5 Nxd5 6. Qb3 Nb6 7. e4 O-O 8. Be3 Nc6 9. Rd1 Bg4 10. d5 Bxf3 11. gxf3 Ne5 12. Be2 Qc8 13. h4 h5 14. a4 c5 15. a5 c4 16. Qc2 Nbd7 17. f4 Nd3+ 18. Bxd3 cxd3 19. Qxd3 Nf6 20. f3 Rd8 21. e5 Nd7 22. e6 fxe6 23. Qxg6 Nf8 24. Qxh5 exd5 25. Rg1 Qe6 26. Kf2 Qf7 27. Qh6 Ne6 28. Bd4 Nxd4 29. Rxd4 e6 30. Rdd1 Kf8 31. Qh7 Rac8 32. Rg6 d4 33. Ne4 Rc2+ 34. Kg3 1-0


[Site "https://www.chess.com"]

[Event "Titled Tuesday Blitz July 4 Late 2023"]
[White "Alimpic, Aleksa"]
[Black "Biliy, Vadim"]
[WhiteFideId "974323"]
[BlackFideId "14114127"]
[WhiteElo "2309"]
[BlackElo "2206"]
[Result "1-0"]
[Round "9"]
[TimeControl "180+2"]
[Date "2023.07.04"]
[WhiteClock "0:00:27"]
[BlackClock "0:00:00"]
[Board "120"]

1. Nf3 c5 2. c4 Nc6 3. g3 b6 4. Bg2 Bb7 5. O-O Nd4 6. e3 Nxf3+ 7. Bxf3 Bxf3 8. Qxf3 Nf6 9. d4 cxd4 10. exd4 d5 11. Nc3 e6 12. Re1 Be7 13. cxd5 Nxd5 14. Nxd5 Qxd5 15. Qxd5 exd5 16. Bd2 a5 17. Rac1 Kd7 18. Re5 Bf6 19. Rxd5+ Ke6 20. Rb5 Bxd4 21. Be3 Bxe3 22. fxe3 Rhd8 23. Rc6+ Rd6 24. Rxd6+ Kxd6 25. Rxb6+ Kd5 26. Kf2 Ra7 27. Kf3 a4 28. h4 a3 29. b3 Ke5 30. Rb5+ Ke6 31. h5 h6 32. Kf4 Kf6 33. Rb6+ Ke7 34. e4 Ra5 35. g4 Ra7 36. e5 Ra5 37. Ke4 Ra7 38. Kf5 Ra5 39. Rb7+ Kf8 40. b4 Ra6 41. b5 Ra5 42. b6 f6 43. Kg6 Rxe5 44. Rc7 1-0


[Site "https://www.chess.com"]

[Event "Titled Tuesday Blitz July 4 Late 2023"]
[White "Cardenas Carbajal, Nilson"]
[Black "Lutz, Igor Oscar"]
[WhiteFideId "8401128"]
[BlackFideId "2110806"]
[WhiteElo "2102"]
[BlackElo "1988"]
[Result "0-1"]
[Round "9"]
[TimeControl "180+2"]
[Date "2023.07.04"]
[WhiteClock "0:00:00"]
[BlackClock "0:00:07"]
[Board "121"]

1. e4 c5 2. d4 cxd4 3. c3 Nf6 4. e5 Nd5 5. Nf3 d6 6. cxd4 dxe5 7. dxe5 e6 8. a3 Nc6 9. Bd3 Qc7 10. Qe2 Bc5 11. Qe4 Bd7 12. O-O Nce7 13. Nc3 Bc6 14. Qg4 Ng6 15. Nxd5 Bxd5 16. Re1 Bxf3 17. Qxf3 Nxe5 18. Qg3 f6 19. Bf4 Bd6 20. Bb5+ Kf7 21. Rac1 Qb6 22. a4 Rac8 23. Rcd1 Bb8 24. Qh3 a6 25. Bf1 Ng6 26. Bxb8 Rxb8 27. Qc3 Rbd8 28. Bc4 Ne5 29. Ba2 Rxd1 30. Rxd1 Rd8 31. Re1 Qd6 32. h4 h5 33. Qg3 Qd2 34. Rf1 Qd3 35. Qh2 Qd6 36. Qf4 Ng4 37. Qf3 Qc6 38. Qg3 Qd6 0-1


[Site "https://www.chess.com"]

[Event "Titled Tuesday Blitz July 4 Late 2023"]
[White "Bjelobrk, Igor"]
[Black "Winkels, Marcel"]
[WhiteFideId "4300726"]
[BlackFideId "1003887"]
[WhiteElo "2575"]
[BlackElo "2084"]
[Result "1-0"]
[Round "9"]
[TimeControl "180+2"]
[Date "2023.07.04"]
[WhiteClock "0:00:54"]
[BlackClock "0:00:12"]
[Board "122"]

1. d4 Nf6 2. c4 g6 3. Nc3 d5 4. Nf3 Bg7 5. h4 Bg4 6. Ne5 Be6 7. h5 Nxh5 8. Qb3 dxc4 9. Qxb7 Nd7 10. Nc6 Qc8 11. Qxc8+ Rxc8 12. e4 f6 13. d5 Bf7 14. g4 e6 15. gxh5 gxh5 16. Bxc4 exd5 17. Bxd5 Ne5 18. Nxe5 fxe5 19. Be3 O-O 20. Rxh5 Kh8 21. Bxf7 Rxf7 22. O-O-O c5 23. Nd5 Rb7 24. Kc2 c4 25. Bd2 Rcb8 26. Bc3 a5 27. Rdh1 Bf8 28. Bxe5+ 1-0


[Site "https://www.chess.com"]

[Event "Titled Tuesday Blitz July 4 Late 2023"]
[White "Bazzano, Sebastian"]
[Black "Burke, Paul"]
[WhiteFideId "104566"]
[BlackFideId "2605767"]
[WhiteElo "2220"]
[BlackElo "1931"]
[Result "1-0"]
[Round "9"]
[TimeControl "180+2"]
[Date "2023.07.04"]
[WhiteClock "0:01:10"]
[BlackClock "0:00:52"]
[Board "123"]

1. d4 a6 2. e4 d6 3. Nc3 g6 4. Bf4 h6 5. Qd2 Bg7 6. O-O-O Nd7 7. Nf3 e6 8. Kb1 Ne7 9. e5 d5 10. g4 c5 11. h4 c4 12. Ne2 b5 13. Ng3 b4 14. h5 g5 15. Nxg5 hxg5 16. Bxg5 c3 17. Qf4 cxb2 18. Bd3 Nb6 19. h6 Bf8 20. Bf6 Bb7 21. Bxh8 Qc7 22. Bg7 Nc4 23. Bxc4 Qxc4 24. Bxf8 Rc8 25. Rd2 1-0


[Site "https://www.chess.com"]

[Event "Titled Tuesday Blitz July 4 Late 2023"]
[White "Gyulamiryan-koryun"]
[Black "Tqebuchava, Zurab"]
[BlackFideId "13601113"]
[WhiteElo "1718"]
[BlackElo "2059"]
[Result "1-0"]
[Round "9"]
[TimeControl "180+2"]
[Date "2023.07.04"]
[WhiteClock "0:01:29"]
[BlackClock "0:00:00"]
[Board "124"]

1. e4 g6 2. d4 Bg7 3. f4 c5 4. c3 cxd4 5. cxd4 d6 6. Nf3 Bg4 7. Be2 Bxf3 8. Bxf3 Nc6 9. e5 dxe5 10. dxe5 Qxd1+ 11. Bxd1 e6 12. Nc3 g5 13. Nb5 Ke7 14. g3 Nh6 15. Be3 b6 16. Bf3 Rac8 17. Nd6 Rc7 18. Rc1 Kd7 19. Nb5 Rhc8 20. Nxc7 Rxc7 21. Rxc6 Rxc6 22. Bxc6+ Kxc6 23. Kf2 Nf5 24. Rc1+ Kd7 25. Rd1+ Ke7 26. a4 gxf4 27. gxf4 Bh6 28. a5 bxa5 29. Ra1 Kd7 30. Rxa5 Ne7 31. Rxa7+ Ke8 32. Kf3 Nd5 33. b3 Bf8 34. Ra8+ 1-0


[Site "https://www.chess.com"]

[Event "Titled Tuesday Blitz July 4 Late 2023"]
[White "Nakamura, Hikaru"]
[Black "Carlsen, Magnus"]
[WhiteFideId "2016192"]
[BlackFideId "1503014"]
[WhiteElo "3180"]
[BlackElo "3275"]
[Result "0-1"]
[Round "10"]
[TimeControl "180+2"]
[Date "2023.07.04"]
[WhiteClock "0:00:23"]
[BlackClock "0:00:39"]
[Board "1"]

1. e4 a6 2. d4 c6 3. d5 Nf6 4. Nc3 cxd5 5. e5 Ne4 6. Nxd5 e6 7. Ne3 Qa5+ 8. c3 Qxe5 9. Nc4 Qc7 10. Be3 Bc5 11. Qg4 d5 12. Qxg7 Rf8 13. Bxc5 Qxc5 14. Ne3 Qb6 15. Rb1 Nc6 16. Bd3 Bd7 17. Bxe4 dxe4 18. Qf6 Qd8 19. Qf4 f5 20. Nc4 Qf6 21. Qc7 Qd8 22. Qf4 Qf6 23. Nd6+ Ke7 24. Nc4 e5 25. Qe3 Be6 26. Qc5+ Kf7 27. f3 Kg8 28. Ne2 exf3 29. Ng3 fxg2 30. Rg1 f4 31. Ne4 Qh4+ 32. Nf2 f3 33. Nd6 Rad8 34. Rd1 Qf4 35. Nfe4 Rxd6 0-1


[Site "https://www.chess.com"]

[Event "Titled Tuesday Blitz July 4 Late 2023"]
[White "Caruana, Fabiano"]
[Black "Andreikin, Dmitry"]
[WhiteFideId "2020009"]
[BlackFideId "4158814"]
[WhiteElo "3118"]
[BlackElo "2987"]
[Result "1/2-1/2"]
[Round "10"]
[TimeControl "180+2"]
[Date "2023.07.04"]
[WhiteClock "0:00:11"]
[BlackClock "0:00:05"]
[Board "2"]

1. e4 c5 2. Nf3 g6 3. c3 d5 4. exd5 Qxd5 5. d4 Bg7 6. Be3 Nf6 7. h3 O-O 8. dxc5 Qxd1+ 9. Kxd1 Rd8+ 10. Nbd2 Nd5 11. Bd4 Bh6 12. Ke1 Nc6 13. Nc4 e5 14. Be3 Nxe3 15. fxe3 Be6 16. Kf2 a5 17. Nb6 Rab8 18. Bb5 Bf8 19. Bxc6 bxc6 20. b4 Rd3 21. Nxe5 Rxc3 22. Rhc1 axb4 23. Nxc6 Re8 24. Rxc3 bxc3 25. Na4 c2 26. Nd4 Bxa2 27. Nxc2 Bb3 28. Nd4 Bxa4 29. Rxa4 Bxc5 30. Rc4 Bf8 1/2-1/2


[Site "https://www.chess.com"]

[Event "Titled Tuesday Blitz July 4 Late 2023"]
[White "Kollars, Dmitrij"]
[Black "Bortnyk, Olexandr"]
[WhiteFideId "12909572"]
[BlackFideId "14120828"]
[WhiteElo "2983"]
[BlackElo "3040"]
[Result "0-1"]
[Round "10"]
[TimeControl "180+2"]
[Date "2023.07.04"]
[WhiteClock "0:00:00"]
[BlackClock "0:00:02"]
[Board "4"]

1. e4 Nf6 2. e5 Nd5 3. Nc3 Nxc3 4. dxc3 d6 5. Nf3 Nc6 6. Bf4 dxe5 7. Qxd8+ Nxd8 8. Bxe5 c6 9. O-O-O f6 10. Bc7 Bg4 11. Be2 e5 12. Bxd8 Rxd8 13. Rxd8+ Kxd8 14. Nxe5 Bxe2 15. Nf7+ Ke7 16. Nxh8 Bg4 17. Re1+ Be6 18. f4 g6 19. g4 Bh6 20. Re4 f5 21. Nxg6+ hxg6 22. gxf5 gxf5 23. Ra4 a6 24. Kd2 Bg7 25. Ke3 Bf6 26. Kf3 Bc8 27. Kg3 b5 28. Ra5 Kf7 29. c4 Bxb2 30. cxb5 cxb5 31. h4 Kg6 32. c4 bxc4 33. Rc5 Be6 34. Rc6 Kf7 35. h5 a5 36. h6 Bd4 37. h7 c3 0-1


[Site "https://www.chess.com"]

[Event "Titled Tuesday Blitz July 4 Late 2023"]
[White "Ibrahimli, Murad"]
[Black "Martinez Alcantara, Jose Eduardo"]
[WhiteFideId "13410229"]
[BlackFideId "3805662"]
[WhiteElo "2947"]
[BlackElo "3036"]
[Result "0-1"]
[Round "10"]
[TimeControl "180+2"]
[Date "2023.07.04"]
[WhiteClock "0:00:14"]
[BlackClock "0:00:10"]
[Board "5"]

1. d4 Nf6 2. c4 e6 3. Nc3 Bb4 4. e3 O-O 5. Bd3 d5 6. Ne2 c5 7. O-O dxc4 8. Bxc4 cxd4 9. exd4 Nc6 10. Qd3 Bd6 11. Rd1 Na5 12. Bb5 h6 13. Ba4 Nc6 14. a3 Ne7 15. Bc2 Bd7 16. Ng3 Ng6 17. d5 Be5 18. dxe6 Bxe6 19. Qe2 Qc7 20. Nb5 Qc5 21. Be3 Qc4 22. Bd3 Qg4 23. Qxg4 Nxg4 24. Bd4 a6 25. Bxg6 fxg6 26. Bxe5 Nxe5 27. Nc7 Bb3 28. Nxa8 Bxd1 29. Rxd1 Rxa8 30. Ne4 Rc8 31. h3 Rc7 32. b3 Nf7 33. f3 g5 34. Kh2 Kf8 35. Kg3 Ke7 36. Re1 Kf8 37. Kg4 Rc2 38. Kg3 h5 39. Rd1 h4+ 40. Kh2 Ra2 41. a4 Rb2 42. Rd3 Ke7 43. Rc3 b5 44. axb5 axb5 45. Rc7+ Kf8 46. Nc5 Kg8 47. Re7 Rc2 48. Ne6 Rb2 49. Re8+ Kh7 50. Re7 Kg8 51. Nd4 b4 52. Rb7 Ne5 53. Rxb4 Nd3 54. Rb8+ Kh7 55. Ne6 Ne1 56. Nxg5+ Kg6 57. Ne4 Nxf3+ 0-1


[Site "https://www.chess.com"]

[Event "Titled Tuesday Blitz July 4 Late 2023"]
[White "Naroditsky, Daniel"]
[Black "Kantor, Gergely"]
[WhiteFideId "2026961"]
[BlackFideId "751499"]
[WhiteElo "3126"]
[BlackElo "2845"]
[Result "1-0"]
[Round "10"]
[TimeControl "180+2"]
[Date "2023.07.04"]
[WhiteClock "0:00:28"]
[BlackClock "0:00:00"]
[Board "6"]

1. d4 Nf6 2. Nc3 d5 3. Bf4 e6 4. e3 Be7 5. Nf3 O-O 6. Bd3 c5 7. dxc5 Bxc5 8. O-O Nc6 9. e4 h6 10. e5 Nd7 11. Qd2 f6 12. exf6 Qxf6 13. Bg3 Nd4 14. Nxd4 Bxd4 15. Rae1 a6 16. Nd1 b5 17. c3 Bc5 18. Ne3 Qg5 19. h4 Qh5 20. b4 Bb6 21. Be2 Qf7 22. Bf3 Bb7 23. Ng4 Rac8 24. Re2 Rc4 25. Rfe1 Re8 26. Nxh6+ gxh6 27. Qxh6 Qg7 28. Qxg7+ Kxg7 29. Rxe6 Rxe6 30. Rxe6 Kf7 31. Rd6 Ke7 32. h5 Bc7 33. Rg6 Bxg3 34. fxg3 Rxc3 35. h6 Rc8 36. Rg7+ Kd6 37. Rxd7+ Kxd7 38. Bg4+ Ke7 39. Bxc8 1-0


[Site "https://www.chess.com"]

[Event "Titled Tuesday Blitz July 4 Late 2023"]
[White "Mamedov, Rauf"]
[Black "Plat, Vojtech"]
[WhiteFideId "13401653"]
[BlackFideId "325740"]
[WhiteElo "3060"]
[BlackElo "2832"]
[Result "0-1"]
[Round "10"]
[TimeControl "180+2"]
[Date "2023.07.04"]
[WhiteClock "0:00:00"]
[BlackClock "0:00:13"]
[Board "7"]

1. e4 e5 2. Nf3 Nf6 3. d3 Nc6 4. g3 Bc5 5. Bg2 d6 6. O-O a5 7. Nc3 a4 8. a3 O-O 9. h3 h6 10. Kh2 Be6 11. Nd2 d5 12. exd5 Nxd5 13. Nde4 Be7 14. Nb5 f5 15. Nec3 Nxc3 16. Nxc3 f4 17. Re1 f3 18. Bf1 Qd7 19. Re4 Rf5 20. Be3 Raf8 21. g4 R5f7 22. Qd2 Nd4 23. Re1 Bd6 24. Kh1 c5 25. Nxa4 Qxa4 26. c3 Bd5 27. cxd4 cxd4 28. Bxh6 Bxe4 29. dxe4 gxh6 30. Qxh6 Be7 31. Rc1 d3 32. Qg6+ Kh8 33. Bxd3 Qd4 34. Bc4 Qxf2 35. Rg1 Qh4 36. Kh2 Qf2+ 37. Kh1 Qh4 38. Kh2 Bg5 39. Rg3 Bf4 0-1


[Site "https://www.chess.com"]

[Event "Titled Tuesday Blitz July 4 Late 2023"]
[White "Paravyan, David"]
[Black "Rosen, Eric"]
[WhiteFideId "4194985"]
[BlackFideId "2032562"]
[WhiteElo "2979"]
[BlackElo "2702"]
[Result "1-0"]
[Round "10"]
[TimeControl "180+2"]
[Date "2023.07.04"]
[WhiteClock "0:02:29"]
[BlackClock "0:00:01"]
[Board "8"]

1. d4 d5 2. c4 e6 3. Nf3 Nf6 4. g3 dxc4 5. Bg2 Bb4+ 6. Bd2 c5 7. O-O O-O 8. Qc1 a5 9. Rd1 Qe7 10. a3 Bxd2 11. Nbxd2 b6 12. Nxc4 Nbd7 13. Nfe5 Ra6 14. Nc6 Qe8 15. Nd6 Bb7 16. Nxe8 Rxe8 17. dxc5 Nxc5 18. Qc4 Raa8 19. Ne5 Ba6 20. Qc2 Rac8 21. Rac1 a4 22. Bf3 h5 23. Qb1 Re7 24. Nc6 Rec7 25. Nb4 Bb5 26. Rc3 h4 27. gxh4 Nb3 28. Rxc7 Rxc7 29. Rd8+ Ne8 30. Nc6 Kf8 31. Qh7 Bxc6 32. Bxc6 Ke7 33. Rxe8+ Kd6 34. Bxa4 Nc5 35. Rd8+ Ke7 36. Rd4 e5 37. Rc4 Ra7 38. Bc2 g6 39. h5 Kd6 40. h6 b5 41. Rc3 b4 42. axb4 Ne6 43. e3 e4 44. Kg2 Rb7 45. Qh8 f5 46. b5 Ng5 47. Rc6+ Kd5 48. Bb3# 1-0


[Site "https://www.chess.com"]

[Event "Titled Tuesday Blitz July 4 Late 2023"]
[White "Chigaev, Maksim"]
[Black "Mattheii"]
[WhiteFideId "4108116"]
[WhiteElo "2940"]
[BlackElo "2562"]
[Result "1-0"]
[Round "10"]
[TimeControl "180+2"]
[Date "2023.07.04"]
[WhiteClock "0:00:04"]
[BlackClock "0:00:03"]
[Board "9"]

1. e4 c5 2. Nf3 Nc6 3. Bb5 g6 4. O-O Bg7 5. Re1 e5 6. Bxc6 dxc6 7. d3 Qe7 8. a4 Nf6 9. a5 Nd7 10. Nbd2 Nf8 11. Nc4 f6 12. Be3 Ne6 13. c3 O-O 14. Nfd2 Rd8 15. Qc2 Qd7 16. Rad1 Qxd3 17. Qa4 Qd7 18. h4 Qc7 19. Nf1 Bd7 20. Qb3 Be8 21. Ng3 Bf7 22. Rxd8+ Rxd8 23. Qa4 Bf8 24. h5 Nf4 25. hxg6 hxg6 26. Bxf4 exf4 27. Nf1 b5 28. axb6 axb6 29. Ncd2 b5 30. Qc2 c4 31. Nf3 Bd6 32. N1h2 Be5 33. Ng4 Kg7 34. Rd1 Rxd1+ 35. Qxd1 Be6 36. Ngxe5 fxe5 37. Qa1 Bg4 38. Nh2 Be6 39. Qa8 Qc8 40. Qa7+ Qd7 41. Qc5 Kf6 42. Nf3 Qc7 43. Qf8+ Bf7 44. Qh8+ Ke7 45. Nxe5 Qd6 46. Qg7 Qf6 47. Qxf6+ Kxf6 48. Nxc6 Be8 49. Nd4 Ke5 50. f3 b4 51. Kf2 g5 52. Nc2 bxc3 53. bxc3 g4 54. Na3 Bf7 55. Nb5 Bh5 56. Nd4 gxf3 57. gxf3 Bf7 58. Ne2 Be8 59. Ng1 Bf7 60. Ke2 Be8 61. Nh3 Bd7 62. Nf2 Be8 63. Ng4+ Ke6 64. Kf2 Bh5 65. Nh2 Ke5 66. Nf1 Be8 67. Ke2 Bf7 68. Nd2 Be6 69. Nb1 Bf7 70. Na3 Bg8 71. Nb5 Bf7 72. Nd4 Bg8 73. Kf2 Bf7 74. Kg2 Bh5 75. Nc6+ Kd6 76. Nb4 Ke5 77. Kf2 Be8 78. Nd5 Bf7 79. Nb6 Be8 80. Nxc4+ Ke6 81. Nd2 Bb5 82. Nb3 Bc6 83. Nd4+ Kd6 84. Nxc6 1-0


[Site "https://www.chess.com"]

[Event "Titled Tuesday Blitz July 4 Late 2023"]
[White "Henriquez Villagra, Cristobal"]
[Black "Nihal Sarin"]
[WhiteFideId "3409350"]
[BlackFideId "25092340"]
[WhiteElo "2859"]
[BlackElo "3113"]
[Result "1-0"]
[Round "10"]
[TimeControl "180+2"]
[Date "2023.07.04"]
[WhiteClock "0:00:37"]
[BlackClock "0:01:11"]
[Board "10"]

1. g3 d5 2. Bg2 e5 3. d3 Nf6 4. Nf3 Nc6 5. O-O h6 6. Nbd2 Bc5 7. c4 dxc4 8. Nxc4 Qe7 9. b4 Bxb4 10. Rb1 Bd6 11. d4 exd4 12. Nxd4 Nxd4 13. Qxd4 Bc5 14. Qe5 c6 15. Qxe7+ Kxe7 16. Na5 Bb6 17. Ba3+ Ke6 18. Bh3+ Ke5 19. Nc4+ Ke4 20. Nd6+ Ke5 21. Nxf7+ Kd4 22. Rfd1+ Kc3 23. Rdc1+ Kd4 24. Rb4+ Kd5 25. Rd1+ Kc5 26. Rb3+ Kc4 27. Nd6# 1-0


[Site "https://www.chess.com"]

[Event "Titled Tuesday Blitz July 4 Late 2023"]
[White "Lazavik, Denis"]
[Black "Durarbayli, Vasif"]
[WhiteFideId "13515110"]
[BlackFideId "13402935"]
[WhiteElo "3043"]
[BlackElo "2913"]
[Result "1-0"]
[Round "10"]
[TimeControl "180+2"]
[Date "2023.07.04"]
[WhiteClock "0:00:29"]
[BlackClock "0:00:00"]
[Board "11"]

1. d4 Nf6 2. c4 e6 3. Nf3 b6 4. g3 Bb7 5. Bg2 Bb4+ 6. Bd2 a5 7. O-O O-O 8. Bf4 Be7 9. Nc3 Ne4 10. Nb5 Na6 11. Qc2 f5 12. a3 c6 13. Nc3 d5 14. Ne5 Rc8 15. Rfd1 b5 16. c5 Nc7 17. Nxe4 dxe4 18. f3 exf3 19. exf3 Nd5 20. Bd2 f4 21. Bh3 Rf6 22. Re1 Rh6 23. Bg4 Bg5 24. Rad1 Qe7 25. Bc1 Rf8 26. Qe4 fxg3 27. hxg3 Bxc1 28. Rxc1 Qg5 29. f4 Nxf4 30. gxf4 Rxf4 31. Qg2 Kh8 32. Rf1 Rhf6 33. Bh3 Rxf1+ 34. Rxf1 Qe3+ 35. Kh1 Rxf1+ 36. Qxf1 h5 37. Bxe6 Qe4+ 38. Qf3 1-0


[Site "https://www.chess.com"]

[Event "Titled Tuesday Blitz July 4 Late 2023"]
[White "Sargsyan, Shant"]
[Black "Halkias, Stelios"]
[WhiteFideId "13306766"]
[BlackFideId "4201809"]
[WhiteElo "2994"]
[BlackElo "2796"]
[Result "1/2-1/2"]
[Round "10"]
[TimeControl "180+2"]
[Date "2023.07.04"]
[WhiteClock "0:00:59"]
[BlackClock "0:00:35"]
[Board "12"]

1. g3 Nf6 2. Bg2 g6 3. c4 Bg7 4. Nc3 d6 5. d3 O-O 6. Nf3 e5 7. O-O h6 8. Rb1 Re8 9. b4 e4 10. dxe4 Nxe4 11. Nxe4 Rxe4 12. Nd2 Re8 13. Bb2 Nc6 14. Bxg7 Kxg7 15. e3 Ne5 16. Rb3 c6 17. Qa1 f6 18. Rd1 Bf5 19. Rc3 Qe7 20. h3 h5 21. e4 Bc8 22. f4 Nf7 23. c5 a5 24. Nc4 dxc5 25. bxc5 Qxc5+ 26. Kh2 Qb4 27. a3 Qe7 28. e5 Be6 29. Nd6 Nxd6 30. Rxd6 fxe5 31. fxe5 Kh7 32. Rcd3 Qg5 33. h4 Qg4 34. R3d4 Qe2 35. Rd2 Qe3 36. R6d3 Qc5 37. Rd6 Re7 38. Be4 Rf8 39. Qe1 Bf5 40. e6 Bxe4 41. Qxe4 Rf2+ 42. Rxf2 Qxf2+ 43. Kh3 Qf1+ 44. Kh2 Qf2+ 45. Kh3 Qf1+ 46. Kh2 Qf2+ 1/2-1/2


[Site "https://www.chess.com"]

[Event "Titled Tuesday Blitz July 4 Late 2023"]
[White "Morefield, Jason"]
[Black "Deac, Bogdan-Daniel"]
[WhiteFideId "30920825"]
[BlackFideId "1226380"]
[WhiteElo "2769"]
[BlackElo "2983"]
[Result "0-1"]
[Round "10"]
[TimeControl "180+2"]
[Date "2023.07.04"]
[WhiteClock "0:00:00"]
[BlackClock "0:00:11"]
[Board "13"]

1. e4 c6 2. Nf3 d5 3. Nc3 dxe4 4. Nxe4 Nf6 5. Nxf6+ gxf6 6. g3 Bf5 7. Bg2 e6 8. O-O Nd7 9. Re1 Be7 10. d4 Nb6 11. Qe2 Bg4 12. c3 Rg8 13. h3 Bh5 14. b3 f5 15. Qf1 Bxf3 16. Bxf3 Qc7 17. Kh1 O-O-O 18. a4 Nd5 19. Bb2 h5 20. Bxh5 Bd6 21. c4 Nb4 22. Rad1 Kb8 23. Bf3 Ka8 24. d5 cxd5 25. cxd5 e5 26. Rc1 Qb8 27. Bh5 e4 28. Bxf7 Rgf8 29. Be6 f4 30. g4 Nd3 31. Rxe4 Nxb2 32. Qe2 Ba3 33. Ra1 Qd6 34. b4 f3 35. Qc2 Rh8 36. g5 Rde8 37. Rxa3 Rxe6 38. Rxf3 Rxe4 39. Qxe4 Nxa4 40. Rf6 Rxh3+ 41. Kg2 Qh2+ 42. Kf1 Rh8 43. g6 Qh3+ 44. Kg1 Qh6 45. Qg2 Qc1+ 46. Qf1 Qg5+ 47. Qg2 Qxf6 0-1


[Site "https://www.chess.com"]

[Event "Titled Tuesday Blitz July 4 Late 2023"]
[White "Indjic, Aleksandar"]
[Black "Pulvett Marin, Daniel Eduardo"]
[WhiteFideId "911925"]
[BlackFideId "3900410"]
[WhiteElo "2970"]
[BlackElo "2734"]
[Result "1-0"]
[Round "10"]
[TimeControl "180+2"]
[Date "2023.07.04"]
[WhiteClock "0:00:08"]
[BlackClock "0:00:00"]
[Board "14"]

1. d4 Nf6 2. c4 g6 3. h4 Bg7 4. Nc3 d6 5. e4 c5 6. d5 h5 7. Nf3 O-O 8. Ng5 Na6 9. Be2 Nc7 10. Bf4 e6 11. dxe6 Nxe6 12. Nxe6 Bxe6 13. Bxd6 Re8 14. Bxc5 Qa5 15. b4 Qc7 16. Nb5 Qe5 17. O-O Rad8 18. Qc2 Nxe4 19. Be3 a6 20. Na3 Bf5 21. Bd3 Nxf2 22. Qxf2 Rxd3 23. Bf4 Qc3 24. Nc2 Qxc4 25. Rac1 Bb2 26. Ne3 Qd4 27. Rc2 Bc3 28. Nxf5 gxf5 29. Qxd4 Bxd4+ 30. Kh2 Re4 31. Bg3 Rg4 32. Rf3 Rd1 33. Rc8+ Kg7 34. Rxf5 Bg1+ 35. Kh3 Bd4 36. Rxh5 Rg6 37. Rg5 Rd3 38. Rd8 1-0


[Site "https://www.chess.com"]

[Event "Titled Tuesday Blitz July 4 Late 2023"]
[White "He, Anthony"]
[Black "Nasuta, Grzegorz"]
[WhiteFideId "2088215"]
[BlackFideId "1141686"]
[WhiteElo "2955"]
[BlackElo "2737"]
[Result "1/2-1/2"]
[Round "10"]
[TimeControl "180+2"]
[Date "2023.07.04"]
[WhiteClock "0:00:11"]
[BlackClock "0:00:03"]
[Board "15"]

1. e4 c5 2. Ne2 Nf6 3. Nbc3 d5 4. exd5 Nxd5 5. Nxd5 Qxd5 6. d4 Nc6 7. Nc3 Qe6+ 8. Be2 Nxd4 9. Be3 Bd7 10. Bxd4 cxd4 11. Qxd4 Qf6 12. Qb4 O-O-O 13. O-O-O e6 14. Qa5 Qxf2 15. Bb5 Qb6 16. Qa4 Bxb5 17. Rxd8+ Kxd8 18. Rd1+ Kc8 19. Nxb5 Bc5 20. Qc4 Rd8 21. b4 Rxd1+ 22. Kxd1 a6 23. a4 axb5 24. axb5 Qd6+ 25. Ke2 b6 26. bxc5 bxc5 27. Qe4 Qd5 28. Ke3 Kb7 29. Qa4 Qd6 30. c4 f5 31. Qa1 e5 32. Ke2 g5 33. g3 h6 34. Qh1+ e4 35. Qd1 Qd4 36. Qa4 Qd3+ 37. Ke1 Qe3+ 38. Kd1 Qd3+ 39. Kc1 Qc3+ 40. Kd1 Qd3+ 41. Ke1 Qd6 42. Ke2 f4 43. gxf4 gxf4 44. Qc2 Qd4 45. Qa2 Qd6 46. Qc2 f3+ 47. Ke1 Qd3 48. Qa2 Qe3+ 49. Kf1 Qd3+ 50. Kf2 Qd4+ 51. Kg3 Qd6+ 52. Kg4 Qe6+ 53. Kf4 Qf6+ 54. Ke3 Qd4+ 55. Kf4 Qd6+ 56. Kxe4 Qf6 57. Qf2 Kb6 58. Kd3 Qf5+ 59. Ke3 Qe6+ 60. Kxf3 Qxc4 61. Qe3 Qd5+ 62. Kg4 Qd7+ 63. Kh5 Qf7+ 64. Kxh6 Qf6+ 65. Kh7 Kxb5 66. Qe2+ c4 67. Qe8+ Kb4 68. Qb8+ Kc3 69. Qg3+ Kc2 70. h4 c3 71. h5 Kb2 72. Qb8+ Kc1 73. h6 c2 74. Qb3 Kd2 75. Qd5+ Ke2 76. Qc4+ Kd2 77. Qd5+ Kc3 78. Qc5+ Kb2 79. Qb4+ Ka2 80. Qa4+ Kb1 81. Qb3+ Qb2 82. Qd3 Ka1 83. Qa6+ Kb1 84. Qd3 Ka2 85. Qa6+ Qa3 86. Qc4+ Qb3 87. Qa6+ Kb2 88. Qe2 Kb1 89. Qe4 Kb2 90. Qe2 Kb1 91. Qe4 Kb2 92. Qe2 1/2-1/2


[Site "https://www.chess.com"]

[Event "Titled Tuesday Blitz July 4 Late 2023"]
[White "ATM622"]
[Black "Xiong, Jeffery"]
[BlackFideId "2047640"]
[WhiteElo "2592"]
[BlackElo "2952"]
[Result "0-1"]
[Round "10"]
[TimeControl "180+2"]
[Date "2023.07.04"]
[WhiteClock "0:00:06"]
[BlackClock "0:01:57"]
[Board "16"]

1. d4 d5 2. c4 e6 3. Nf3 Nf6 4. g3 Bb4+ 5. Bd2 Be7 6. b3 O-O 7. Bg2 a5 8. O-O c6 9. Qc2 Nbd7 10. Nc3 b6 11. e4 Ba6 12. e5 Ne8 13. Ne2 c5 14. Rac1 Rc8 15. Rfd1 dxc4 16. bxc4 cxd4 17. Nexd4 Rxc4 18. Qb3 Rxc1 19. Rxc1 Nc5 20. Qe3 Nc7 21. Nc6 Qd7 22. Nxe7+ Qxe7 23. Bxa5 Nd3 24. Bxb6 Nd5 25. Bc5 Nxe3 26. Bxe7 Nxc1 27. fxe3 Rb8 28. Nd4 Nxa2 29. Bd6 Rb1+ 30. Kf2 Rb2+ 31. Kg1 Nc3 32. Ba3 Rb1+ 33. Kf2 Nd1+ 34. Kf3 Bb7+ 35. e4 Nc3 36. Ke3 Nxe4 37. Bf3 Nc3 38. Bxb7 Rxb7 39. Bc5 h5 40. Kd3 Na4 41. Bd6 Rb2 42. h4 Nb6 43. Ne2 Nd5 44. Bc5 Kh7 45. Bd6 g5 46. hxg5 Kg6 47. Bc5 Kxg5 48. Bd4 Ra2 49. Bf2 Kg4 50. Be1 Ra3+ 51. Ke4 Re3+ 0-1


[Site "https://www.chess.com"]